 Dungeon Crawl Stone Soup version 0.25.1-2-g60ff931df9 (webtiles) character file.

Game seed: 14269399422759978895

898 pokeman the Thaumaturge (level 7, 0/40 HPs)
             Began as a Deep Elf Wizard on Nov 27, 2020.
             Slain by a wraith (8 damage)
             ... in an ossuary.
             The game lasted 00:16:05 (5940 turns).

pokeman the Thaumaturge (Deep Elf Wizard)           Turns: 5940, Time: 00:16:06

Health: 0/40       AC:  6    Str:  4    XL:     7   Next: 79%
Magic:  13/30      EV: 11    Int: 25    God:
Gold:   280        SH:  0    Dex: 13    Spells: 12/23 levels left

rFire    . . .     SeeInvis .   C - +8 war axe of the Wizarding Asp {vorpal, +Blink MP+9}
rCold    + . .     Gourm    .   (no shield)
rNeg     . . .     Faith    .   f - +0 leather armour
rPois    +         Spirit   .   b - +0 hat
rElec    .         Reflect  .   t - +1 cloak
rCorr    .         Harm     .   k - +0 pair of gloves
MR       .....                  (no boots)
Stlth    ++........             (no amulet)
HPRegen  0.13/turn              c - ring of protection from cold
MPRegen  0.22/turn              o - ring of poison resistance

@: slowed, lightly drained, very slow
A: no striking features
a: Evoke Blink


You were in an ossuary.
You were very hungry.

You visited 1 branch of the dungeon, and saw 5 of its levels.
You also visited: Ossuary.

You collected 330 gold pieces.
You spent 50 gold pieces at shops.

Inventory:

Hand Weapons
 a - a +4 quarterstaff of chaos
 C - the +8 war axe of the Wizarding Asp (weapon) {vorpal, +Blink MP+9}
   (You found it on level 5 of the Dungeon)

   It inflicts extra damage upon your enemies.
   It affects your magic capacity (+9).
   It lets you blink.
Missiles
 p - 61 bolts
Armour
 b - a +0 hat (worn)
 f - a +0 leather armour (worn)
 k - a +0 pair of gloves (worn)
 t - a +1 cloak (worn)
 B - a +0 kite shield
Jewellery
 c - a ring of protection from cold (left hand)
 o - a ring of poison resistance (right hand)
Wands
 A - a wand of polymorph (10)
 D - a wand of iceblast (8)
Scrolls
 e - 2 scrolls of random uselessness {unknown}
 j - 9 scrolls of identify {unknown}
 l - 2 scrolls of enchant armour {unknown}
 q - 2 scrolls of fog
 r - 2 scrolls of blinking {unknown}
 s - 2 scrolls of remove curse {unknown}
 u - 2 scrolls of magic mapping {unknown}
 w - 5 scrolls of teleportation {unknown}
 x - a scroll of enchant weapon {unknown}
 y - a scroll of amnesia {unknown}
Potions
 g - 3 potions of haste {unknown}
 h - 4 potions of flight {unknown}
 i - 4 potions of curing
 m - a potion of cancellation {unknown}
 n - 3 potions of stabbing {unknown}
 v - a potion of mutation {unknown}
 z - a potion of resistance {unknown}
Comestibles
 d - 7 rations


   Skills:
 - Level 2.0(1.6) Fighting
 - Level 1.0(0.5) Armour
 - Level 3.0(2.5) Dodging
 - Level 3.0(2.5) Stealth
 + Level 1.2(0.7) Shields
 * Level 8.6(8.1) Spellcasting
 + Level 4.3(3.9) Conjurations
 - Level 1.1(0.6) Summonings
 - Level 1.1(0.6) Translocations
 + Level 3.1(2.7) Fire Magic
 - Level 1.0(0.5) Air Magic
 - Level 1.1(0.6) Poison Magic


You had 12 spell levels left.
You knew the following spells:

 Your Spells              Type           Power        Failure   Level  Hunger
a - Magic Dart            Conj           ####         2%          1    None
b - Mephitic Cloud        Conj/Pois/Air  ###.....     16%         3    None
c - Call Imp              Summ           ##......     12%         2    None
d - Blink                 Tloc           N/A          12%         2    None
e - Conjure Flame         Conj/Fire      ####....     9%          3    None

Your spell library contained the following spells:

 Spells                   Type           Power        Failure   Level  Hunger
 Slow                     Hex            ##......     16%         2    None


Dungeon Overview and Level Annotations

Branches:
Dungeon (5/15)            Ossuary (1/1)
 Temple: D:4-7

Altars:

Shops:
D:4 *[


Message History

The wraith hits you. The wraith drains your vigour!
You feel as though you will be slow longer.
The wraith completely misses you.
You slash the wraith!
The wraith is almost destroyed.
The wraith hits you. x2; The wraith drains your vigour!
You feel as though you will be slow longer.
You closely miss the wraith.
The wraith is almost destroyed.
The wraith hits you! The wraith closely misses you. The wraith hits you!
* * * LOW HITPOINT WARNING * * *
Casting: Magic Dart (safe; 2% risk of failure)
Confirm with . or Enter, or press ? or * to list all spells.
Aiming: Magic Dart (safe; 2% risk of failure)
Press: ? - help, Shift-Dir - straight line, f/p - wraith
Aim: a wraith (almost destroyed)
The magic dart hits the wraith but does no damage.
The wraith is almost destroyed.
The wraith hits you!
You die...

#############
#............
#.'##@###.#
#.#.#W#z#.# #
#.###.###.###.#
#.............#
#.............#
#.###.....###.#
#.#z#.....#z#.#
#.###.....###.#
#.............#


You could see a wraith and 2 flying skulls.

Vanquished Creatures
  A sky beast (D:5)
  A centaur (D:5)
  A wight (Ossuary)
  2 howler monkeys
  2 crimson imps (D:5)
  A hound (D:4)
  Crazy Yiuf (D:2)
  2 iguanas
  3 orc wizards
  3 worker ants (D:5)
  A killer bee zombie (D:5)
  A hound skeleton (D:5)
  4 gnolls
  8 adders
  2 adder skeletons
  2 adder zombies (Ossuary)
  3 worms
  4 dart slugs
  5 leopard geckos
  10 orcs
  12 bats
  3 giant cockroaches
  8 goblins
  5 hobgoblins
  9 jackals
  A quokka (D:4)
  2 ball python skeletons (Ossuary)
  8 frilled lizards
  A hobgoblin zombie (Ossuary)
  10 kobolds
  An orc skeleton (Ossuary)
  An orc zombie (Ossuary)
  9 rats
127 creatures vanquished.

Vanquished Creatures (collateral kills)
  A wight (Ossuary)
1 creature vanquished.

Grand Total: 128 creatures vanquished

Notes
Turn   | Place    | Note
-------+----------+-------------------------------------------
     0 | D:1      | pokeman the Deep Elf Wizard began the quest for the Orb.
     0 | D:1      | Reached XP level 1. HP: 10/10 MP: 7/7
   305 | D:1      | Reached XP level 2. HP: 16/16 MP: 2/9
  1234 | D:2      | Reached skill level 5 in Spellcasting
  1383 | D:2      | Reached XP level 3. HP: 20/20 MP: 6/11
  1719 | D:2      | Learned a level 3 spell: Mephitic Cloud
  1722 | D:2      | Learned a level 2 spell: Call Imp
  1727 | D:2      | Learned a level 2 spell: Blink
  1731 | D:2      | Learned a level 3 spell: Conjure Flame
  1746 | D:2      | Reached skill level 1 in Armour
  1801 | D:2      | Reached skill level 1 in Fighting
  1930 | D:2      | Reached XP level 4. HP: 25/25 MP: 7/13
  2587 | D:2      | Found a runed translucent door.
  2588 | D:2      | Noticed Crazy Yiuf
  2657 | D:2      | Killed Crazy Yiuf
  2657 | D:2      | Reached skill level 1 in Fire Magic
  3328 | D:3      | Reached skill level 6 in Spellcasting
  3328 | D:3      | Reached XP level 5. HP: 19/29 MP: 1/15
  3935 | D:3      | Reached skill level 1 in Air Magic
  4532 | D:4      | Reached XP level 6. HP: 34/34 MP: 11/17
  4637 | D:4      | Reached skill level 1 in Poison Magic
  4818 | D:4      | Reached skill level 7 in Spellcasting
  4946 | D:4      | Found Neniyf's General Store.
  5023 | D:4      | Bought a potion of curing for 30 gold pieces
  5023 | D:4      | Bought a scroll of fog for 20 gold pieces
  5090 | D:4      | Found Itwankiuhe's Antique Armour Shoppe.
  5180 | D:5      | Entered Level 5 of the Dungeon
  5315 | D:5      | Got a slimy war axe
  5316 | D:5      | Identified the +8 war axe of the Wizarding Asp {vorpal,
                  | +Blink MP+9} (You found it on level 5 of the Dungeon)
  5368 | D:5      | Reached XP level 7. HP: 30/39 MP: 17/20
  5387 | D:5      | Reached skill level 8 in Spellcasting
  5429 | D:5      | Reached skill level 1 in Shields
  5596 | D:5      | Found a sand-covered staircase.
  5601 | Ossuary  | Entered an ossuary
  5874 | Ossuary  | Noticed a flying skull
  5874 | Ossuary  | Noticed a wraith
  5882 | Ossuary  | Noticed a flying skull
  5885 | Ossuary  | Noticed a flying skull
  5907 | Ossuary  | Noticed a flying skull
  5908 | Ossuary  | Noticed a flying skull
  5914 | Ossuary  | Noticed a wraith
  5940 | Ossuary  | Slain by a wraith

Illustrated notes

Levels and vault maps discovered:
D:1:      dpeg_arrival_simpleton_c, layout_basic
D:2:      kennysheep_six_static_rooms, layout_basic, uniq_crazy_yiuf_cottage
D:3:      minmay_chambers_of_twos, layout_basic
D:4:      layout_rooms, serial_shops, shop, first_ration,
          kennysheep_windowed_goal
D:5:      minmay_polygon_palace, layout_basic, enter_ossuary_5
Ossuary:  ossuary_due_cavern

Skill      XL: |  1  2  3  4  5  6  7 |
---------------+----------------------+-----
Spellcasting   | 5 6 7 8 |  8.6
Armour         | 1 |  1.0
Fighting       | 1 2 |  2.0
Conjurations   | 2 3 4 |  4.3
Fire Magic     | 1 2 3 |  3.1
Dodging        | 3 |  3.0
Air Magic      | 1 |  1.0
Stealth        | 3 |  3.0
Poison Magic   | 1 |  1.1
Shields        | 1 |  1.2
Summonings     | |  1.1
Translocations | |  1.1

Action                   |  1- 3 |  4- 6 |  7- 9 || total
-------------------------+-------+-------+-------++-------
Melee: Unarmed           |     2 |     3 |       ||     5
       Quarterstaff      |       |    39 |       ||    39
       War axe           |       |    11 |    40 ||    51
 Cast: Magic Dart        |    98 |   168 |    46 ||   312
       Mephitic Cloud    |       |     7 |     2 ||     9
       Conjure Flame     |       |     3 |     1 ||     4
       Call Imp          |       |     1 |     4 ||     5
       Blink             |       |       |     3 ||     3
 Stab: Sleeping          |       |     4 |     3 ||     7
       Confused          |       |     3 |     3 ||     6
  Eat: Chunk             |     3 |    10 |     1 ||    14
Armor: Robe              |     3 |       |       ||     3
       Leather armour    |     6 |    26 |    19 ||    51
Dodge: Dodged            |    17 |    59 |    35 ||   111
